Map: Oxide LE

Players

ShoWTimE - Winner!

  • Race: Protoss Protoss

Reynor

  • Race: Zerg Zerg

Event: DreamHack SC2 Masters 2021 Fall

VOD

Have the link to the VOD?

Description

Time

  • Played on: Aug. 8, 2021, 10:51 a.m.
  • Length: 15:59

All games in this series

Show
View Real Time Build Order
Export as new Build Order

ShoWTimE Protoss - Winner!

Build Orders: 1 Gate Expand, Oracle Opening 

Get SALT Encoding   

  12  0:00  Probe  
  13  0:12  Probe  
  14  0:18  Pylon  
  14  0:24  Probe (Chrono Boost)  
  15  0:36  Probe (Chrono Boost)  
  15  0:37  Gateway  
  16  0:44  Probe (Chrono Boost)  
  16  0:46  Assimilator  
  17  0:51  Probe  
  18  1:03  Probe  
  19  1:15  Probe  
  20  1:22  Nexus  
  20  1:32  Cybernetics Core  
  20  1:35  Probe  
  21  1:41  Assimilator  
  21  1:47  Probe  
  21  1:50  Pylon  
  22  1:59  Probe  
  23  2:05  Adept (Chrono Boost)  
  25  2:12  Probe  
  26  2:20  Stargate  
  26  2:24  Probe  
  26  2:26  Adept (Chrono Boost)  
  29  2:33  Warp Gate  
  29  2:35  Probe  
  29  2:36  Probe (Chrono Boost)  
  31  2:47  Probe (Chrono Boost)  
  31  2:48  Adept  
  35  2:54  Probe (Chrono Boost)  
  35  2:56  Probe (Chrono Boost)  
  36  2:59  Pylon  
  36  3:00  Probe (Chrono Boost)  
  36  3:01  Probe  
  36  3:05  Oracle (Chrono Boost)  
  38  3:12  Probe  
  42  3:13  Probe  
  42  3:18  Adept  
  45  3:22  Gateway  
  45  3:24  Probe  
  45  3:25  Probe  
  47  3:35  Oracle (Chrono Boost)  
  47  3:36  Probe  
  47  3:39  Probe  
  52  3:43  Pylon  
  52  3:49  Probe  
  52  3:51  Probe  
  54  3:56  Nexus  
  54  3:59  Pylon  
  54  4:02  Probe  
  55  4:03  Probe  
  55  4:05  Oracle (Chrono Boost)  
  59  4:14  Probe  
  59  4:15  Probe  
  61  4:18  Assimilator  
  61  4:19  Assimilator  
  61  4:27  Adept x2, Probe  
  61  4:28  Probe  
  63  4:33  Robotics Facility  
  63  4:39  Probe  
  63  4:40  Probe  
  63  4:41  Pylon  
  65  4:48  Forge  
  65  4:52  Probe (Chrono Boost)  
  67  4:54  Probe (Chrono Boost), Gateway  
  67  5:00  Sentry x2  
  67  5:02  Shield Battery  
  67  5:03  Probe (Chrono Boost)  
  73  5:07  Probe (Chrono Boost)  
  73  5:10  Probe x2 (Chrono Boost)  
  75  5:20  Observer  
  75  5:21  Probe x2 (Chrono Boost)  
  79  5:23  Probe (Chrono Boost)  
  79  5:24  Stalker  
  79  5:25  Probe (Chrono Boost)  
  79  5:27  Probe (Chrono Boost)  
  79  5:28  Robotics Bay  
  83  5:30  Probe  
  82  5:36  Probe (Chrono Boost)  
  82  5:39  Twilight Council  
  81  5:43  Probe (Chrono Boost), Photon Cannon  
  81  5:45  Pylon  
  81  5:46  Immortal (Chrono Boost), Assimilator  
  81  5:48  Probe x2 (Chrono Boost)  
  86  5:53  Pylon  
  86  5:54  Probe x2 (Chrono Boost)  
  86  5:56  Assimilator, Probe (Chrono Boost)  
  89  5:57  Sentry  
  89  6:02  Probe  
  89  6:03  Probe  
  93  6:04  Protoss Ground Weapons Level 1 (Chrono Boost)  
  93  6:05  Gateway  
  93  6:06  Probe  
  93  6:09  Blink (Chrono Boost), Gateway  
  94  6:14  Probe  
  94  6:15  Probe  
  95  6:19  Probe  
  95  6:20  Gateway  
  95  6:23  Gateway x2  
  95  6:24  Warp Prism (Chrono Boost)  
  96  6:27  Sentry  
  100  6:33  Gateway  
  100  6:34  Stalker  
  102  6:41  Stalker  
  102  6:45  Pylon x2  
  104  6:53  Pylon  
  104  6:55  Stalker  
  106  7:03  Stalker x3  
  112  7:09  Sentry  
  112  7:14  Pylon  
  114  7:17  Nexus  
  114  7:19  Pylon  
  114  7:25  Robotics Bay, Immortal  
  114  7:26  Robotics Facility  
  114  7:28  Pylon, Probe x3  
  121  7:34  Gateway  
  121  7:35  Photon Cannon  
  121  7:40  Photon Cannon  
  121  7:42  Photon Cannon  
  121  7:48  Shield Battery  
  121  7:49  Photon Cannon  
  121  7:55  Charge (Chrono Boost)  
  121  8:04  Robotics Bay  
  121  8:08  Pylon  
  121  8:09  Disruptor (Chrono Boost)  
  121  8:11  Dark Shrine  
  121  8:12  Protoss Ground Weapons Level 2 (Chrono Boost)  
  124  8:15  Assimilator  
  124  8:17  Probe x2  
  124  8:18  Probe  
  124  8:19  Assimilator  
  130  8:27  Disruptor (Chrono Boost)  
  130  8:29  Probe, Photon Cannon  
  130  8:31  Photon Cannon  
  130  8:33  Probe  
  132  8:36  Disruptor  
  135  8:45  Phoenix  
  137  8:52  Stalker x3  
  137  8:53  Stalker x6  
  147  8:56  Disruptor  
  147  8:59  Stalker  
  148  9:07  Probe (Chrono Boost)  
  148  9:08  Probe (Chrono Boost)  
  145  9:17  Probe (Chrono Boost), Stalker x5  
  145  9:21  Probe (Chrono Boost)  
  145  9:22  Probe (Chrono Boost)  
  154  9:24  Probe (Chrono Boost)  
  154  9:27  Zealot x3  
  154  9:28  Probe x2 (Chrono Boost)  
  135  9:32  Probe (Chrono Boost)  
  135  9:37  Probe x2 (Chrono Boost)  
  131  9:40  Probe (Chrono Boost)  
  131  9:43  Probe x2 (Chrono Boost)  
  131  9:45  Probe (Chrono Boost)  
  124  9:47  Probe (Chrono Boost)  
  124  9:51  Probe (Chrono Boost)  
  124  9:56  Probe (Chrono Boost)  
  124  9:57  Probe (Chrono Boost)  
  124  9:59  Probe (Chrono Boost)  
  127  10:03  Probe (Chrono Boost)  
  127  10:05  Probe (Chrono Boost)  
  127  10:06  Probe (Chrono Boost)  
  131  10:07  Probe x2 (Chrono Boost)  
  131  10:10  Probe  
  131  10:13  Probe  
  133  10:17  Probe x2  
  136  10:22  Probe  
  136  10:27  Probe (Chrono Boost)  
  137  10:31  Dark Templar x2  
  137  10:32  Probe (Chrono Boost)  
  137  10:33  Probe (Chrono Boost)  
  137  10:34  Probe (Chrono Boost)  
  142  10:37  Archon  
  146  10:43  Probe x2 (Chrono Boost)  
  146  10:45  Probe x2 (Chrono Boost)  
  146  10:46  Protoss Ground Weapons Level 3 (Chrono Boost)  
  146  10:48  Probe (Chrono Boost)  
  147  10:50  Probe  
  147  10:53  Probe  
  147  10:54  Observer (Chrono Boost), Probe  
  147  10:56  Dark Templar x4  
  159  11:00  Probe  
  159  11:01  Archon x2  
  159  11:02  Probe  
  161  11:05  Probe  
  161  11:06  Probe  
  161  11:08  Pylon  
  161  11:09  Photon Cannon  
  163  11:12  Probe  
  163  11:14  Probe  
  163  11:17  Probe  
  163  11:18  Probe  
  166  11:25  Probe  
  158  11:26  Probe  
  158  11:29  Probe  
  158  11:30  Probe  
  158  11:32  Dark Templar x4  
  169  11:36  Archon x2  
  169  11:37  Probe  
  169  11:38  Probe  
  171  11:41  Probe  
  171  11:42  Probe  
  171  11:46  Dark Templar x3  
  171  11:47  Dark Templar x2  
  169  11:48  Dark Templar  
  169  11:49  Probe  
  169  11:50  Probe  
  169  11:51  Archon x2  
  169  11:52  Archon  
  173  11:55  Probe  
  174  12:09  Nexus  
  174  12:10  Pylon  
  155  12:15  Stalker x2  
  155  12:16  Stalker x2  
  151  12:24  Probe  
  151  12:25  Probe x3  
  155  12:30  Dark Templar  
  155  12:31  Dark Templar x3  
  155  12:35  Archon  
  155  12:36  Archon, Probe  
  159  12:37  Probe  
  160  12:45  Photon Cannon  
  160  12:47  Photon Cannon  
  160  12:51  Dark Templar  
  160  12:55  Dark Templar x3  
  168  13:00  Archon  
  168  13:04  Archon  
  168  13:08  Stalker x6  
  180  13:15  Probe  
  164  13:25  Archon x2  
  164  13:27  Dark Templar x2  
  164  13:28  Dark Templar x2  
  164  13:30  Photon Cannon  
  164  13:32  Archon  
  164  13:33  Pylon  
  172  13:39  Dark Templar x2, Zealot x2  
  180  13:44  Archon x2  
  174  14:05  Stalker x7  
  186  14:20  Pylon  
  186  14:21  Pylon  
  186  14:33  Nexus  
  186  14:34  Pylon  
  186  14:36  Pylon  
  186  14:39  Zealot x3  
  186  14:40  Zealot x7  
  123  15:00  Probe  
  122  15:08  Probe  
  122  15:13  Dark Templar x6  
  135  15:17  Archon x2  
  135  15:20  Archon  
  117  15:40  Stalker x4  
  117  15:44  Probe  
  117  15:45  Probe x3  
Show
View Real Time Build Order
Export as new Build Order

Reynor Zerg 

Build Orders: Hatch First, Muta Ling Bane 

Get SALT Encoding   

  12  0:00  Drone  
  13  0:12  Overlord  
  13  0:16  Drone  
  14  0:30  Drone x2  
  16  0:47  Hatchery  
  15  0:51  Drone  
  15  0:54  Drone  
  17  0:58  Drone  
  18  1:09  Extractor  
  17  1:13  Spawning Pool  
  17  1:16  Drone  
  17  1:20  Drone  
  18  1:28  Drone  
  19  1:38  Drone  
  20  1:49  Overlord  
  20  2:00  Queen x2  
  20  2:01  Drone x2  
  26  2:10  Drone x2  
  26  2:13  Metabolic Boost  
  28  2:21  Zergling x4  
  30  2:34  Hatchery  
  30  2:36  Drone  
  30  2:38  Drone  
  30  2:44  Queen  
  31  2:48  Overlord  
  31  2:51  Zergling x2  
  34  2:54  Zergling x2  
  35  3:00  Drone  
  35  3:04  Spore Crawler  
  35  3:10  Overlord  
  35  3:11  Drone x3  
  38  3:13  Drone  
  38  3:17  Drone  
  38  3:18  Queen  
  42  3:22  Overlord  
  42  3:26  Drone  
  43  3:30  Drone  
  43  3:31  Queen  
  45  3:34  Spore Crawler  
  45  3:36  Drone  
  45  3:45  Drone x4  
  45  3:47  Drone  
  45  3:48  Drone  
  51  3:53  Queen  
  52  3:58  Zergling x2  
  52  3:59  Zergling x6  
  56  4:02  Spore Crawler  
  56  4:05  Overlord  
  56  4:07  Drone  
  56  4:08  Drone  
  57  4:12  Overlord  
  57  4:17  Drone  
  57  4:19  Overlord  
  56  4:25  Drone  
  56  4:26  Drone  
  56  4:27  Drone x3  
  56  4:29  Drone x2  
  56  4:30  Queen  
  65  4:35  Overlord  
  65  4:40  Drone x4  
  69  4:47  Spore Crawler  
  69  4:49  Zergling x2  
  69  4:50  Zergling x2  
  69  4:51  Overlord  
  70  4:54  Drone x2  
  70  4:58  Lair  
  72  5:01  Drone  
  72  5:03  Queen  
  72  5:04  Zergling x2  
  72  5:07  Zergling x4  
  78  5:08  Drone x3  
  78  5:09  Drone  
  78  5:12  Drone  
  83  5:14  Extractor  
  83  5:15  Drone x2  
  83  5:16  Extractor x2, Evolution Chamber  
  83  5:18  Drone x2  
  83  5:19  Drone  
  84  5:28  Overlord  
  83  5:29  Drone x2  
  83  5:34  Drone x2  
  85  5:37  Drone x4  
  85  5:39  Drone x2, Extractor  
  85  5:41  Drone  
  90  5:42  Extractor  
  90  5:44  Zerg Melee Weapons Level 1  
  90  5:45  Drone x2  
  90  5:47  Drone  
  92  5:51  Drone x2  
  92  5:52  Overlord  
  94  6:10  Zergling x18  
  94  6:11  Spire  
  102  6:12  Hatchery  
  102  6:14  Overlord  
  99  6:21  Roach Warren  
  99  6:22  Baneling Nest  
  97  6:30  Drone  
  98  6:36  Zergling x18  
  98  6:39  Drone x2  
  110  6:40  Drone x2  
  110  6:45  Overlord  
  107  6:57  Overlord  
  107  7:03  Glial Reconstitution  
  104  7:14  Roach x11  
  123  7:17  Roach  
  123  7:23  Drone  
  123  7:25  Drone  
  123  7:26  Roach  
  123  7:27  Roach, Zergling x6  
  123  7:29  Overlord  
  132  7:34  Zergling x2  
  132  7:35  Zergling x10  
  138  7:37  Overlord  
  138  7:52  Mutalisk x5  
  138  7:56  Mutalisk x4, Zerg Melee Weapons Level 2  
  138  7:58  Mutalisk  
  158  8:01  Overlord x2  
  158  8:06  Centrifical Hooks  
  158  8:10  Drone  
  158  8:11  Overlord  
  159  8:19  Drone  
  163  8:20  Drone x9  
  163  8:23  Overlord  
  165  8:36  Zergling x20  
  165  8:37  Zergling x4  
  165  8:39  Hatchery  
  174  8:41  Drone  
  174  8:44  Ravager x5  
  175  8:48  Zergling x2  
  175  8:49  Zergling x4  
  174  8:57  Ravager x4  
  174  9:00  Baneling x8  
  163  9:03  Drone  
  163  9:04  Drone x4  
  163  9:06  Drone x6  
  163  9:07  Drone x2  
  169  9:14  Zergling x6  
  172  9:20  Baneling x7  
  169  9:26  Zergling x14  
  169  9:28  Zergling x2  
  169  9:31  Baneling x3  
  161  9:33  Zergling x2  
  161  9:36  Drone x3  
  157  9:39  Zergling x6  
  157  9:45  Zergling x4  
  154  9:54  Zergling x12  
  154  9:55  Zergling x2  
  154  9:56  Baneling x11  
  154  9:58  Zergling x2  
  161  10:02  Drone x3  
  161  10:04  Extractor, Spore Crawler  
  161  10:05  Spine Crawler  
  159  10:07  Drone x2  
  159  10:08  Drone x2  
  159  10:09  Drone x5  
  159  10:13  Baneling x11  
  168  10:14  Zergling x6  
  168  10:15  Zergling x2  
  170  10:21  Infestation Pit  
  170  10:22  Zergling x2  
  170  10:23  Zergling x10  
  170  10:24  Pneumatized Carapace  
  170  10:25  Zergling x4  
  148  10:31  Roach, Zergling x4  
  152  10:36  Roach x3, Zergling x14  
  152  10:38  Roach  
  152  10:41  Drone  
  168  10:44  Overseer, Zerg Missile Weapons Level 1  
  168  10:45  Baneling x2  
  168  10:47  Drone x5  
  168  10:49  Drone x4  
  177  10:52  Zergling x4  
  177  10:54  Overseer  
  179  10:58  Zergling x4  
  179  11:01  Baneling  
  179  11:02  Baneling x7  
  179  11:03  Zergling x2  
  179  11:04  Zergling x16  
  190  11:08  Hive  
  190  11:10  Overlord  
  190  11:13  Zergling x8  
  190  11:14  Zergling x6  
  190  11:16  Overlord  
  190  11:28  Baneling x15  
  190  11:29  Baneling  
  190  11:31  Drone x5  
  193  11:35  Zergling x2  
  193  11:36  Extractor, Zergling x14  
  192  11:46  Roach x3, Zergling x16  
  184  11:51  Baneling x15  
  181  11:56  Hatchery  
  181  11:58  Zergling x10  
  181  11:59  Baneling, Zergling x2  
  181  12:00  Baneling x5  
  185  12:07  Zergling x14  
  188  12:10  Zergling x12  
  177  12:20  Zergling x4  
  177  12:21  Zergling x2  
  177  12:22  Zergling x4  
  160  12:25  Roach, Zergling x4  
  160  12:27  Roach  
  161  12:31  Baneling x14  
  161  12:35  Zergling x14  
  161  12:36  Zergling x2  
  164  12:39  Zerg Melee Weapons Level 3  
  164  12:41  Zergling x12  
  164  12:44  Baneling x9, Zergling x2  
  170  12:50  Zergling x4  
  173  12:53  Zergling x6  
  174  13:00  Zergling x8  
  174  13:02  Zergling x2  
  174  13:05  Adrenal Glands  
  167  13:19  Roach x3, Zergling x24  
  162  13:25  Roach x2  
  161  13:27  Roach x3  
  161  13:28  Roach  
  161  13:29  Roach  
  161  13:31  Baneling x17  
  161  13:32  Baneling x2  
  161  13:34  Zergling x6  
  174  13:38  Zergling x6  
  174  13:40  Ravager  
  179  13:41  Zergling x10  
  179  13:44  Zergling x2  
  179  13:51  Zergling x8  
  179  13:54  Ravager, Zergling x8  
  179  13:55  Ravager x4  
  178  13:57  Queen  
  178  13:59  Zergling x2  
  170  14:05  Roach, Zergling x4  
  170  14:06  Zergling x6  
  162  14:10  Roach x3  
  162  14:12  Zergling x4  
  162  14:13  Zergling x2  
  162  14:16  Baneling x13  
  163  14:25  Zergling x12  
  163  14:27  Baneling x7  
  163  14:28  Zergling x2  
  170  14:33  Zergling x4  
  170  14:37  Zergling x2  
  168  14:38  Zergling x6  
  168  14:43  Zergling x8  
  146  14:48  Roach x3  
  146  14:51  Roach  
  121  14:55  Roach  
  121  14:56  Roach x2, Zergling x2  
  121  14:59  Zergling x4  
  120  15:02  Ravager  
  120  15:03  Baneling x7  
  123  15:07  Roach x2  
  123  15:10  Roach x2  
  113  15:25  Roach x2  
  100  15:29  Roach  
  100  15:30  Roach x2  
  100  15:34  Roach x2  
  100  15:35  Roach x3  
  95  15:39  Roach x3  
  97  15:44  Spawning Pool  

Tags
 
Add a new tag
Caveats
  • Supply blocks, unpowered buildings, or Contaminate may cause inaccurate times.
  • Supply counts are checked every 10 seconds.